 Dungeon Crawl Stone Soup version 0.16.1-11-g651b585 (webtiles) character file.

118646 namelastname112 the Bludgeoner (level 16, -9/226 HPs)
             Began as a Yellow Draconian Chaos Knight on Apr 4, 2015.
             Mangled by a hell hog (11 damage)
             ... on level 15 of the Dungeon on Apr 5, 2015.
             The game lasted 01:45:14 (33125 turns).

namelastname112 the Bludgeoner (DrCK)              Turns: 33125, Time: 01:45:14

Health: -9/226     AC: 17    Str: 22    XL:     16   Next: 26%
Magic:  31/31      EV: 18    Int: 15    God:    Xom [*.....]
Gold:   1060       SH:  0    Dex: 13    Spells: 2 memorised, 19 levels left

rFire  . . .     SeeInvis .     k - +15 Mace of Variability {chaos}
rCold  + . .     Clarity  .     (armour unavailable)
rNeg   . . .     SustAb   .     (no shield)
rPois  +         Gourm    .     Z - +2 hat
rElec  .         Spirit   .     r - +2 cloak
rCorr  +         Warding  .     X - +2 pair of gloves {archery}
rMut   .         Stasis   .     (no boots)
MR     +....                    B - amulet of rage
Stlth  ..........               v - ring of protection from cold
                                S - ring of poison resistance

@: berserking, very quick, somewhat resistant to hostile enchantments, extremely
unstealthy
A: spit acid, acid resistance, unfitting armour, claws 1, horns 1, clever 1,
regeneration 1, screaming 1, weak 1, acidic bite, cold-blooded, AC +9
a: Spit Acid, Renounce Religion, Evoke Berserk Rage


You were on level 15 of the Dungeon.
You worshipped Xom.
You were a special plaything of Xom.
You were hungry.

You visited 3 branches of the dungeon, and saw 27 of its levels.
You also visited: Labyrinth and Ice Cave.

You collected 3035 gold pieces.
You spent 1975 gold pieces at shops.

Inventory:

Hand weapons
 a - a +2 dire flail of protection
 k - the +15 Mace of Variability (weapon) {chaos}
   (You bought it in a shop on level 4 of the Orcish Mines)

   Each time it hits an enemy it has a different, random effect.
Armour
 r - a +2 cloak (worn)
 X - a +2 pair of gloves of archery (worn)
 Z - a +2 hat (worn)
Rods
 m - a +2 rod of clouds (10/10)
   (You bought it in a shop on level 4 of the Orcish Mines)
Jewellery
 b - an uncursed ring of wizardry
 v - a ring of protection from cold (right hand)
 B - an amulet of rage (around neck)
 F - an uncursed amulet of regeneration
 S - a ring of poison resistance (left hand)
 T - an uncursed ring of protection from fire
Magical devices
 f - a wand of teleportation (5)
 o - a wand of draining (8)
 s - a wand of fire (7)
 t - a wand of disintegration (4)
 u - a wand of enslavement (8)
 y - a wand of paralysis (2)
 G - a wand of fire (10)
 I - a wand of digging (10)
 L - a wand of paralysis (5)
 N - a wand of fire (3)
 Q - a wand of invisibility (5)
 R - a wand of lightning (2)
 W - a wand of invisibility (4)
Scrolls
 h - a scroll of silence
 l - 13 scrolls of teleportation
 p - 4 scrolls of identify
 q - 4 scrolls of fear
 w - 6 scrolls of magic mapping
 M - 4 scrolls of fog
 Y - 3 scrolls of remove curse
Potions
 d - a potion of lignification
 e - 3 potions of agility
 n - 3 potions of curing
 x - a potion of magic
 A - 4 potions of might
 C - 2 potions of berserk rage
 D - 3 potions of resistance
 E - 2 potions of heal wounds
 J - a potion of cure mutation
 P - 6 potions of haste
 U - 2 potions of flight
Books
 z - a book of Transfigurations

   Spells                             Type                      Level
   a - Stoneskin                      Transmutation/Earth          2
   b - Irradiate                      Conjuration/Transmutation    5
   c - Statue Form                    Transmutation/Earth          6
   d - Hydra Form                     Transmutation                6
   e - Dragon Form                    Transmutation                7
Miscellaneous
 g - a box of beasts
 i - a phantom mirror
 H - a fan of gales
 K - a box of beasts
Comestibles
 c - 12 bread rations
 j - 18 fruits
 O - a slice of pizza
 V - 2 meat rations


   Skills:
 + Level 15.8 Fighting
 * Level 16.5 Maces & Flails
 - Level 10.4 Dodging
 - Level 5.0 Spellcasting
 - Level 5.6 Translocations
 + Level 13.2 Evocations


You had 19 spell levels left.
You knew the following spells:

 Your Spells              Type           Power        Failure   Level  Hunger
a - Phase Shift           Tloc           ###.......   54%         5    ######.
b - Apportation           Tloc           ###.......   1%          1    None


Dungeon Overview and Level Annotations

Branches:
Dungeon (15/15)            Temple (0/1) D:7            Lair (8/8) D:9
  Swamp (0/5) Lair:5        Snake (0/5) Lair:3        Slime (0/6) Lair:6
    Orc (4/4) D:10            Elf (0/3) Orc:3        Vaults (0/5) D:13
 Depths: D:15

Altars:
Ashenzari
Elyvilon
Fedhas
Gozag
Kikubaaqudgha
Makhleb
Nemelex Xobeh
Okawaru
Qazlal
Sif Muna
Trog
Vehumet
Xom
Yredelemnul
Zin
The Shining One
Beogh

Shops:
D:10 [   D:13 (   Orc:2 *([*   Orc:3 %   Orc:4 [}([[


Innate Abilities, Weirdness & Mutations

You can spit globs of acid.
You can corrode armour when you spit acid.
You are resistant to acid.
Your golden yellow scales are hard (AC +9).
Your body does not fit into most forms of armour.
You have acidic saliva.
Your cold-blooded metabolism reacts poorly to cold.
You have sharp fingernails.
You have a pair of small horns on your head.
Your mind is acute. (Int +2)
Your natural rate of healing is unusually fast.
You occasionally shout uncontrollably at your foes.
You are weak. (Str -2)


Message History

Deactivating autopickup; reactivate with Ctrl-A.
Something hits you.
* * * LOW HITPOINT WARNING * * *
The rakshasa is engulfed in seething chaos.
The rakshasa seems to speed up.
The rakshasa weaves an illusion.
The yaktaur shimmers and seems to become two!
Unknown command.
You are too berserk!
You sock the rakshasa! Your headbutt misses the rakshasa.
You tail-slap the rakshasa.
The rakshasa is almost dead.
The yaktaur is engulfed in seething chaos.
The yaktaur hits you!
* * * LOW HITPOINT WARNING * * *
The rakshasa is engulfed in seething chaos.
The rakshasa evaporates and reforms as a hell hog!
The hell hog bites you!
You die...
Xom cackles wildly!

.....## .........
......... #.
####...... .$.#
.........#+# ...#
......c§§§#....#.
#..cc§§§#.....#
#.{§R§§§...#
##c@h#..##.#
#§.§+..<#
#...##.##
#.(.....
###......
#......# #......#
#....... ##....


You could see a rakshasa, a hell hog and 4 yaktaurs.

Vanquished Creatures
  An orc warlord (Orc:4)
  A fire giant (IceCv)
  Louise (D:14)
  The ghost of BobbyTwoHands the Champion of Chaos, a powerful DsWn of Makhleb (Lair:8)
  A rakshasa (D:15)
  4 dire elephants (Lair:8)
  A minotaur (Lab)
  The ghost of asdu the Martial Artist, a powerful OpTm of Ru (Lair:3)
  5 hydras
  3 ogre magi
  A naga warrior (Lair:3)
  A yaktaur captain (D:8)
  A catoblepas (D:13)
  An anaconda (Lair:8)
  14 death yaks
  A centaur warrior (D:13)
  A deep elf knight (D:13)
  3 unseen horrors
  Erolcha (D:11)
  An ice statue (IceCv)
  2 deep trolls (Orc:4)
  2 orc knights
  4 hill giants
  7 ugly things
  An oklob plant (Lair:6)
  4 griffons
  An orc sorcerer (Orc:4)
  A centaur zombie (D:10)
  4 cyclopes
  4 elephants (Lair:8)
  A spiny frog (shapeshifter) (D:9)
  6 black mambas
  A smoke demon (Lair:3)
  11 spiny frogs
  3 gargoyles
  7 komodo dragons
  4 yaktaurs (D:13)
  A kobold demonologist (D:13)
  A freezing wraith (D:14)
  A deep elf priest (D:13)
  7 trolls (Orc:4)
  A fire drake (Lair:5)
  2 trapdoor spider zombies
  9 two-headed ogres
  15 polar bears
  A tengu conjurer (D:9)
  A minotaur skeleton (Lab)
  3 basilisks
  23 blink frogs
  A spriggan (D:14)
  4 deep elf magi
  A wraith (D:14)
  31 yaks
  A wyvern (D:14)
  6 shadows
  A trapdoor spider (D:14)
  39 wolves
  8 vampire mosquitoes
  6 hippogriffs
  A deep elf fighter (D:13)
  5 hungry ghosts
  Edmund (D:5)
  10 nagas
  A warg (Orc:4)
  7 porcupines
  2 ice beasts
  10 water moccasins
  24 orc warriors
  Purgy (D:4)
  5 sky beasts
  A necrophage (D:14)
  3 eyes of draining (D:12)
  A phantom (D:13)
  2 black bears
  A boring beetle (D:8)
  2 wasps
  34 ogres
  Sigmund (D:6)
  Duvessa (D:4)
  8 centaurs
  6 big kobolds
  Blork the orc (D:9)
  A brain worm (Lair:7)
  An earth elemental (Lab)
  9 crocodiles
  18 giant frogs
  3 wyvern skeletons
  5 scorpions
  10 wights
  5 killer bees (D:13)
  7 jellies
  4 lava snakes (D:10)
  10 crimson imps
  Dowan (D:4)
  2 goliath beetles
  An electric eel (Lair:7)
  A giant frog zombie (D:5)
  10 hounds
  4 centaur skeletons
  5 giant frog skeletons
  7 iguanas
  38 orc wizards
  A gnoll shaman (D:7)
  Natasha (twice) (D:4)
  19 orc priests
  7 worker ants
  17 sheep
  A killer bee zombie (D:8)
  Ijyb (D:3)
  3 mummies
  A hound skeleton (D:7)
  24 adders
  51 river rats
  A giant mite (D:6)
  15 gnolls
  3 shadow imps
  12 white imps (Lair:1)
  5 worms
  An adder zombie (D:6)
  2 adder skeletons
  6 giant geckos
  3 oozes
  167 orcs
  A bat skeleton (D:6)
  A bat zombie (D:5)
  3 giant cockroaches
  28 goblins
  19 hobgoblins
  6 jackals
  28 kobolds
  12 quokkas
  18 bats
  8 giant newts
  A quokka skeleton (D:6)
  18 rats
  10 ballistomycetes (D:9)
  A fungus (Lair:8)
  9 plants
1045 creatures vanquished.

Vanquished Creatures (collateral kills)
  An ugly thing (D:14)
  A wandering mushroom (Lab)
  2 yaks
  2 orc warriors (Orc:4)
  An orc wizard (Orc:4)
  2 river rats (Lair:6)
  5 orcs
  3 kobolds (D:14)
  2 oozes (Lair:6)
19 creatures vanquished.

Vanquished Creatures (others)
  2 polar bears (IceCv)
  3 yaks (IceCv)
  A wolf (IceCv)
  2 scorpions (Orc:4)
  2 iron imps (IceCv)
  A giant frog skeleton (D:12)
  An orc wizard (Orc:4)
  A river rat (Lair:6)
  A shadow imp (IceCv)
  A worm (D:5)
  An ufetubus (IceCv)
  A giant spore (D:9)
  A bush (Lair:6)
  2 fungi
20 creatures vanquished.

Grand Total: 1084 creatures vanquished

Notes
Turn   | Place    | Note
--------------------------------------------------------------
     0 | D:1      | namelastname112, the Draconian Chaos Knight, began the quest for the Orb.
     0 | D:1      | Reached XP level 1. HP: 19/19 MP: 1/1
   450 | D:1      | Reached XP level 2. HP: 24/26 MP: 2/2
   693 | D:2      | XOM: harmless Fire miscast
   871 | D:2      | Reached XP level 3. HP: 29/33 MP: 3/3
  1011 | D:2      | XOM: harmless Chrm miscast
  1392 | D:2      | XOM: harmless Conj miscast
  1405 | D:2      | Reached skill level 4 in Fighting
  1418 | D:2      | Found a basalt altar of Yredelemnul.
  1463 | D:2      | Reached XP level 4. HP: 29/40 MP: 4/4
  1500 | D:2      | XOM: noise
  1504 | D:2      | XOM: colour smoke trail
  1602 | D:2      | XOM: silly message
  1672 | D:2      | XOM: colour smoke trail
  1798 | D:3      | Found a glowing golden altar of the Shining One.
  1824 | D:3      | XOM: noise
  1997 | D:3      | Reached XP level 5. HP: 28/47 MP: 5/5
  2050 | D:3      | XOM: silly message
  2144 | D:3      | Noticed Ijyb
  2168 | D:3      | Killed Ijyb
  2373 | D:3      | Found a shimmering altar of Xom.
  2472 | D:3      | Noticed a phantom
  2699 | D:4      | XOM: colour smoke trail
  2741 | D:4      | Found a white marble altar of Elyvilon.
  2781 | D:4      | Reached skill level 5 in Fighting
  2781 | D:4      | Reached XP level 6. HP: 49/56 MP: 6/6
  2875 | D:4      | Noticed Dowan
  2876 | D:4      | Noticed Duvessa
  2887 | D:4      | XOM: 2-stop teleportation journey
  2888 | D:4      | Noticed Purgy
  2894 | D:4      | Killed Purgy
  2908 | D:4      | Noticed Natasha
  2908 | D:4      | XOM: chaos cloud
  2920 | D:4      | XOM: blink monster(s)
  2928 | D:4      | Killed Natasha
  3121 | D:4      | XOM: god gift: bread ration
  3151 | D:4      | XOM: confusion
  3158 | D:4      | XOM: noise
  3303 | D:4      | XOM: give mutations
  3303 | D:4      | Gained mutation: Your muscles are strong. (Str +2) [Xom's mischief]
  3303 | D:4      | Lost mutation: Your muscles are strong. (Str +2) [Xom's mischief]
  3510 | D:4      | XOM: confuse monster(s)
  3516 | D:4      | Killed Duvessa
  3516 | D:4      | Reached skill level 5 in Maces & Flails
  3516 | D:4      | Your scales start taking on a golden yellow colour.
  3516 | D:4      | Reached XP level 7. HP: 61/61 MP: 7/7
  3529 | D:4      | Killed Dowan
  3608 | D:4      | XOM: god gift: club {god gift}
  3619 | D:4      | XOM: 2-stop teleportation journey
  3660 | D:4      | Noticed Natasha
  3662 | D:4      | Killed Natasha
  3825 | D:5      | Entered Level 5 of the Dungeon
  3825 | D:5      | Noticed Edmund
  3836 | D:5      | XOM: confuse monster(s)
  3844 | D:5      | XOM: divination: detect creatures
  3863 | D:5      | Killed Edmund
  3863 | D:5      | Reached skill level 6 in Fighting
  4145 | D:5      | Reached skill level 5 in Dodging
  4387 | D:5      | XOM: blink monster(s)
  4479 | D:5      | Found a stormy altar of Qazlal.
  4579 | D:5      | Found a radiant altar of Vehumet.
  4608 | D:5      | XOM: noise
  4662 | D:5      | Found a blossoming altar of Fedhas.
  4716 | D:5      | Reached XP level 8. HP: 69/71 MP: 8/8
  4724 | D:5      | Found an ancient bone altar of Kikubaaqudgha.
  4744 | D:5      | XOM: enchant monster (bad)
  5100 | D:6      | Noticed Sigmund
  5108 | D:6      | XOM: confuse monster(s)
  5135 | D:6      | Killed Sigmund
  5321 | D:6      | XOM: cast spell 'Statue Form'
  5351 | D:6      | Found a glowing silver altar of Zin.
  5369 | D:6      | Reached skill level 7 in Fighting
  5434 | D:6      | XOM: scenery: 1 doors close
  5498 | D:6      | XOM: silly message
  5799 | D:6      | XOM: divination: detect items
  5824 | D:6      | XOM: god gift: 43 gold pieces
  6157 | D:6      | XOM: enchant monster (good)
  6164 | D:6      | Found a deep blue altar of Sif Muna.
  6337 | D:6      | XOM: give mutations
  6337 | D:6      | Gained mutation: You have sharp fingernails. [Xom's grace]
  6337 | D:6      | Gained mutation: You can breathe flames. [Xom's grace]
  6337 | D:6      | Gained mutation: Your natural rate of healing is unusually fast. [Xom's grace]
  6337 | D:6      | Gained mutation: Your system is resistant to poisons. [Xom's grace]
  6352 | D:6      | XOM: 1-stop teleportation journey
  6485 | D:7      | XOM: potion effect (agility)
  6529 | D:7      | Reached skill level 8 in Fighting
  6727 | D:7      | Reached XP level 9. HP: 73/81 MP: 9/9
  6739 | D:7      | Found a staircase to the Ecumenical Temple.
  6938 | D:7      | XOM: mild Air miscast
  7117 | D:7      | XOM: potion effect (heal wounds)
  7546 | D:7      | XOM: silly message
  7647 | D:8      | Found a burning altar of Makhleb.
  7647 | D:8      | Found a shimmering altar of Xom.
  7696 | D:8      | Found a bloodstained altar of Trog.
  7697 | D:8      | Found an iron altar of Okawaru.
  7701 | D:8      | XOM: butterfly on damage
  7714 | D:8      | Reached skill level 9 in Fighting
  7941 | D:8      | XOM: harmless Conj miscast
  7950 | D:8      | XOM: silly message
  8204 | D:8      | XOM: silly message
  8254 | D:8      | XOM: divination: magic mapping
  8259 | D:8      | Reached XP level 10. HP: 78/91 MP: 10/10
  8893 | D:8      | XOM: divination: detect creatures
  8997 | D:8      | XOM: silly message
  9045 | D:8      | Noticed a yaktaur captain
  9058 | D:8      | Killed a yaktaur captain
  9058 | D:8      | Reached skill level 10 in Maces & Flails
  9094 | D:8      | XOM: divination: detect creatures
  9338 | D:9      | Found a shattered altar of Ashenzari.
  9340 | D:9      | XOM: noise
  9344 | D:9      | Reached skill level 10 in Fighting
  9543 | D:9      | Noticed Blork the orc
  9560 | D:9      | Killed Blork the orc
  9654 | D:9      | Found an ancient bone altar of Kikubaaqudgha.
  9659 | D:9      | Found a sparkling altar of Nemelex Xobeh.
  9660 | D:9      | Found an opulent altar of Gozag.
  9697 | D:9      | Found a staircase to the Lair.
  9711 | D:9      | XOM: enchant monster (good)
  9729 | D:9      | Noticed a hornet
  9729 | D:9      | a wind drake changed into a hornet
  9734 | D:9      | XOM: silly message
  9736 | D:9      | a hornet changed into a spiny frog
  9800 | D:9      | XOM: noise
 10246 | D:9      | XOM: harmless Ice miscast
 10406 | D:10     | Entered Level 10 of the Dungeon
 10477 | D:10     | Killed an unseen horror
 10477 | D:10     | Reached skill level 11 in Maces & Flails
 10539 | D:10     | XOM: cast spell 'Blink'
 10541 | D:10     | XOM: potion effect (might)
 10543 | D:10     | Reached XP level 11. HP: 92/101 MP: 11/11
 10593 | D:10     | Found a staircase to the Orcish Mines.
 10776 | D:10     | XOM: divination: detect creatures
 11161 | D:10     | XOM: harmless Ice miscast
 11418 | D:10     | Noticed a white ugly thing
 11420 | D:10     | XOM: enchant monster (good)
 11429 | D:10     | Killed a white ugly thing
 11480 | D:10     | Gained mutation: You occasionally shout uncontrollably at your foes. [mutagenic meat]
 11481 | D:10     | Gained mutation: Your mind is acute. (Int +2) [mutagenic meat]
 11499 | D:10     | XOM: harmless Conj miscast
 11547 | D:10     | Found Klaicogg's Armour Boutique.
 11567 | D:10     | Lost mutation: Your system is resistant to poisons. [potion of mutation]
 11567 | D:10     | Gained mutation: You expend magic power (3 MP) to slightly strengthen your wands. [potion of mutation]
 11729 | Lair:1   | Entered Level 1 of the Lair of Beasts
 11745 | Lair:1   | XOM: mild Necr miscast
 11772 | Lair:1   | XOM: cast spell 'Olgreb's Toxic Radiance'
 11781 | Lair:1   | XOM: enchant monster (good)
 11786 | Lair:1   | Reached skill level 1 in Evocations
 11866 | Lair:1   | Found a frozen archway.
 11891 | IceCv    | Entered an ice cave
 12013 | IceCv    | XOM: smoke on damage
 12020 | IceCv    | XOM: noise
 12428 | IceCv    | Noticed an ice statue
 12477 | IceCv    | XOM: medium Necr miscast
 12478 | IceCv    | Killed an ice statue
 12478 | IceCv    | Reached skill level 12 in Maces & Flails
 12569 | IceCv    | XOM: colour smoke trail
 12572 | IceCv    | Got a smoking long sword
 12583 | IceCv    | XOM: potion effect (berserk rage)
 12599 | IceCv    | XOM: confuse monster(s)
 12611 | IceCv    | XOM: cast spell 'Cause Fear'
 12672 | IceCv    | XOM: mild Erth miscast
 12828 | IceCv    | XOM: harmless Chrm miscast
 12838 | IceCv    | XOM: potion effect (curing)
 12842 | IceCv    | Reached skill level 5 in Evocations
 12876 | IceCv    | XOM: noise
 13002 | IceCv    | Reached XP level 12. HP: 91/110 MP: 21/21
 13078 | IceCv    | XOM: cast spell 'Ring of Flames'
 13092 | IceCv    | XOM: confuse monster(s)
 13109 | IceCv    | XOM: enchant monster (good)
 13146 | IceCv    | Reached skill level 10 in Dodging
 13146 | IceCv    | XOM: god gift: scroll of immolation
 13225 | IceCv    | XOM: god gift: sapphire ring {god gift}
 13775 | IceCv    | Noticed a death yak
 13775 | IceCv    | Noticed a frost giant
 13775 | IceCv    | XOM: summons friendly iron imp
 13777 | IceCv    | XOM: summons 3 friendly demons
 13781 | IceCv    | Noticed a fire giant
 13781 | IceCv    | a frost giant changed into a fire giant
 13781 | IceCv    | XOM: polymorph frost giant -> fire giant
 13784 | IceCv    | Killed a death yak
 13805 | IceCv    | Killed a fire giant
 13903 | IceCv    | XOM: mild Pois miscast
 14049 | Lair:1   | XOM: god gift: wand of invisibility {god gift}
 14292 | Lair:1   | Identified the +4 long sword of the Common Good {slice, *Rage rPois Int+4} (You found it in an ice cave)
 14327 | Lair:1   | XOM: cast spell 'Summon Butterflies'
 15174 | Lair:2   | XOM: god gift: yellowed book {god gift}
 15195 | Lair:2   | XOM: chaos cloud
 15209 | Lair:2   | Identified Xom's Early Guide to Rites and Rhymes (Xom gifted it to you on level 2 of the Lair of Beasts)
 15283 | Lair:2   | XOM: harmless Fire miscast
 15404 | Lair:2   | Learned a level 5 spell: Phase Shift
 15485 | Lair:2   | Lost mutation: You expend magic power (3 MP) to slightly strengthen your wands. [helix card]
 15485 | Lair:2   | Gained mutation: You have a pair of small horns on your head. [helix card]
 15878 | Lair:3   | Noticed asdu's ghost (powerful OpTm)
 15880 | Lair:3   | XOM: noise
 15890 | Lair:3   | XOM: summons 6 hostile demons
 15894 | Lair:3   | Killed asdu's ghost
 15894 | Lair:3   | Reached skill level 1 in Translocations
 16034 | Lair:3   | Reached skill level 1 in Spellcasting
 16053 | Lair:3   | XOM: enchant monster (bad)
 16336 | Lair:3   | XOM: 2-stop teleportation journey
 16449 | Lair:3   | XOM: colour smoke trail
 16469 | Lair:3   | XOM: harmless Tloc miscast
 16498 | Lair:3   | XOM: harmless Trmt miscast
 16605 | Lair:3   | Found a staircase to the Snake Pit.
 16804 | Lair:3   | Noticed a naga warrior
 16821 | Lair:3   | Killed a naga warrior
 16936 | Lair:3   | Reached XP level 13. HP: 115/119 MP: 25/25
 17237 | Lair:4   | Reached skill level 13 in Maces & Flails
 17366 | Lair:4   | Found a glowing silver altar of Zin.
 17685 | Lair:4   | XOM: silly message
 18199 | Lair:5   | XOM: divination: magic mapping
 18222 | Lair:5   | Gained mutation: You have supernaturally acute eyesight. [potion of beneficial mutation]
 18257 | Lair:5   | XOM: noise
 18324 | Lair:5   | Found a staircase to the Swamp.
 18335 | Lair:5   | XOM: summons 3 friendly demons
 18510 | Lair:5   | Found a staircase to the Snake Pit.
 18649 | Lair:5   | XOM: confuse monster(s)
 18669 | Lair:5   | XOM: enchant monster (bad)
 18682 | Lair:5   | XOM: potion effect (experience)
 18682 | Lair:5   | Reached skill level 5 in Translocations
 18682 | Lair:5   | Gained mutation: You have acidic saliva. [draconian growth]
 18682 | Lair:5   | Reached XP level 14. HP: 75/129 MP: 25/27
 19065 | Lair:5   | XOM: harmless Air miscast
 19228 | Lair:6   | XOM: colour smoke trail
 19588 | Lair:6   | Found a staircase to the Slime Pits.
 19592 | Lair:6   | XOM: confuse monster(s)
 19616 | Lair:6   | XOM: confuse monster(s)
 19768 | Lair:6   | Reached skill level 10 in Evocations
 19833 | Lair:6   | XOM: harmless Tloc miscast
 20033 | Lair:6   | XOM: mild Chrm miscast
 20249 | Lair:7   | Reached skill level 5 in Spellcasting
 20309 | Lair:7   | XOM: harmless Pois miscast
 20758 | Lair:7   | XOM: chaos cloud
 21227 | Lair:7   | XOM: enchant monster (good)
 21233 | Lair:7   | XOM: potion effect (curing)
 21245 | Lair:7   | XOM: cast spell 'Blink'
 21259 | Lair:7   | XOM: cast spell 'Beastly Appendage'
 21271 | Lair:7   | XOM: enchant monster (good)
 21294 | Lair:7   | Reached skill level 14 in Maces & Flails
 21606 | Lair:8   | Entered Level 8 of the Lair of Beasts
 21612 | Lair:8   | Noticed BobbyTwoHands' ghost (powerful DsWn)
 21748 | Lair:8   | XOM: confusion
 21920 | Lair:8   | XOM: harmless Trmt miscast
 21935 | Lair:8   | XOM: potion effect (berserk rage)
 21938 | Lair:8   | Killed BobbyTwoHands' ghost
 21946 | Lair:8   | XOM: god gift: scroll labeled POCADGHIHEO
 22032 | Lair:8   | XOM: confuse monster(s)
 22039 | Lair:8   | XOM: confusion (+ monsters)
 22103 | Lair:8   | XOM: medium Necr miscast
 22111 | Lair:8   | Reached XP level 15. HP: 84/138 MP: 29/29
 22391 | Lair:8   | XOM: confuse monster(s)
 22613 | Lair:8   | XOM: harmless Divn miscast
 22857 | Lair:8   | XOM: mild Fire miscast
 23310 | Lair:8   | XOM: cast spell 'Ice Form'
 23328 | Lair:8   | XOM: harmless Pois miscast
 23445 | Lair:8   | XOM: enchant monster (good)
 23460 | Lair:8   | XOM: harmless Conj miscast
 23468 | Lair:8   | XOM: summons 2 friendly demons
 23620 | Lair:8   | Learned a level 1 spell: Apportation
 24566 | Orc:1    | Entered Level 1 of the Orcish Mines
 24710 | Orc:2    | Found Cish's Antique Armour Emporium.
 24710 | Orc:2    | Found a roughly hewn altar of Beogh.
 25040 | Orc:3    | Found Kury Mos' Food Shoppe.
 25047 | Orc:3    | XOM: noise
 25154 | Orc:3    | XOM: confuse monster(s)
 25186 | Orc:3    | Found a roughly hewn altar of Beogh.
 25233 | Orc:3    | XOM: mild Necr miscast
 25407 | Orc:3    | Found a staircase to the Elven Halls.
 25436 | Orc:3    | Found a roughly hewn altar of Beogh.
 25596 | Orc:2    | XOM: chaos upgrade
 25722 | Orc:2    | Found Reacresose's General Store.
 25787 | Orc:2    | Found Skock's Antique Weapon Shoppe.
 25795 | Orc:2    | Found Wairaxi's Assorted Antiques.
 25904 | Orc:1    | XOM is BORED!
 25904 | Orc:1    | XOM: give mutation
 25904 | Orc:1    | Lost mutation: You have supernaturally acute eyesight. [Xom's mischief]
 26029 | Orc:1    | XOM: stat loss: -1 Str (18/19)
 26160 | Orc:4    | Entered Level 4 of the Orcish Mines
 26160 | Orc:4    | Found Mnurer's Antique Armour Shop.
 26440 | Orc:4    | XOM: cast spell 'Dispersal'
 26524 | Orc:4    | XOM: give mutations
 26524 | Orc:4    | Gained mutation: You are weak. (Str -2) [Xom's mischief]
 26524 | Orc:4    | Lost mutation: You can breathe flames. [Xom's mischief]
 26559 | Orc:4    | XOM: noise
 26562 | Orc:4    | XOM: noise
 26568 | Orc:4    | Reached skill level 15 in Maces & Flails
 26573 | Orc:4    | HP: 3/139 [orc warrior/hand axe[an orc warlord] (15)]
 26682 | Orc:3    | XOM: chaos upgrade
 26850 | Orc:4    | XOM: fog
 27013 | Orc:4    | XOM: smoke on damage
 27022 | Orc:4    | XOM: cast spell 'Warp Weapon'
 27162 | Orc:4    | Found Gelaa's Weapon Shop.
 27179 | Orc:4    | Found Suac's Armour Boutique.
 27180 | Orc:4    | Found Xyratoli's Gadget Shoppe.
 27188 | Orc:4    | XOM: cast spell 'Summon Swarm'
 27206 | Orc:4    | Reached skill level 15 in Fighting
 27216 | Orc:4    | XOM: swap monsters
 27484 | Orc:4    | XOM: enchant monster (bad)
 27526 | Orc:4    | XOM: enchant monster (good)
 27721 | Orc:4    | Found Thulo's Armour Shop.
 27739 | Orc:4    | Bought the +6 Mace of Variability {chaos} for 700 gold pieces
 27750 | Orc:4    | Bought a +2 rod of clouds (10/10) for 1275 gold pieces
 27945 | Orc:4    | XOM: cast spell 'Beastly Appendage'
 28237 | Orc:3    | XOM: medium Necr miscast
 28394 | D:11     | Found a labyrinth entrance.
 28394 | D:11     | Noticed Erolcha
 28397 | D:11     | Killed Erolcha
 28401 | Lab      | Entered a labyrinth
 28430 | Lab      | XOM: summons friendly white imp
 28622 | Lab      | XOM: harmless Divn miscast
 28834 | Lab      | XOM: divination: detect creatures
 29197 | D:11     | XOM: cast spell 'Spider Form'
 29230 | D:11     | Found a shattered altar of Ashenzari.
 29335 | D:11     | XOM: divination: detect creatures
 29684 | D:12     | XOM: divination: detect creatures
 29692 | D:12     | XOM: potion effect (heal wounds)
 29697 | D:12     | XOM: divination: detect creatures
 29703 | D:12     | XOM: potion effect (agility)
 29834 | D:12     | XOM: silly message
 29860 | D:12     | XOM: colour smoke trail
 30122 | D:12     | XOM: silly message
 30356 | D:12     | Identified a scroll of acquirement
 30461 | D:12     | XOM: potion effect (brilliance)
 30484 | D:12     | XOM: divination: detect creatures
 30665 | D:13     | XOM: noise
 30707 | D:13     | XOM: silly message
 30953 | D:13     | Reached skill level 16 in Maces & Flails
 30966 | D:13     | Reached XP level 16. HP: 110/149 MP: 31/31
 31258 | D:13     | XOM: harmless Pois miscast
 31276 | D:13     | Found Choiraotz's Weapon Boutique.
 31574 | D:13     | Found a gate to the Vaults.
 32017 | D:14     | XOM: cast spell 'Beastly Appendage'
 32051 | D:14     | Noticed Louise
 32070 | D:14     | Killed Louise
 32130 | D:14     | XOM: divination: detect items
 32389 | D:14     | XOM: confuse monster(s)
 32653 | D:14     | XOM: confuse monster(s)
 32964 | D:14     | XOM: vitrification
 33104 | D:15     | Entered Level 15 of the Dungeon
 33107 | D:15     | XOM: chaos cloud
 33124 | D:15     | HP: 10/226 [something (4)]
 33125 | D:15     | HP: 2/226 [yaktaur (illusionary) (8)]
 33125 | D:15     | Mangled by a hell hog

Action                   |  1- 3 |  4- 6 |  7- 9 | 10-12 | 13-15 | 16-18 || total
-------------------------+-------+-------+-------+-------+-------+-------++-------
Melee: Mace              |   117 |   234 |   454 |       |       |       ||   805
       Dire flail        |       |       |   156 |  1147 |  1421 |       ||  2724
       Great mace        |       |       |       |       |   280 |   182 ||   462
 Abil: Spit Acid         |       |       |    12 |     3 |     1 |       ||    16
       Evoke Berserk Rag |       |       |       |     7 |     6 |     1 ||    14
Evoke: Wand              |       |     1 |     6 |    13 |    14 |       ||    34
       Deck              |       |       |       |     8 |       |       ||     8
       Fan of gales      |       |       |       |       |     1 |       ||     1
  Use: Potion            |       |       |     4 |    14 |     7 |       ||    25
       Scroll            |       |       |    11 |    10 |    16 |     2 ||    39
 Stab: Paralysed         |     4 |       |     6 |       |     7 |     3 ||    20
       Petrified         |     2 |       |     4 |     1 |       |       ||     7
       Betrayed ally     |       |     1 |       |       |       |       ||     1
       Sleeping          |       |       |     1 |       |     2 |       ||     3
       Confused          |       |       |     2 |       |     4 |     2 ||     8
       Petrifying        |       |       |       |     2 |       |       ||     2
       Distracted        |       |       |       |     1 |       |       ||     1
       Invisible         |       |       |       |     2 |     3 |       ||     5
  Eat: Chunk             |     2 |     6 |    16 |    11 |    36 |     1 ||    72
       Fruit             |       |       |     1 |     2 |     8 |     3 ||    14
       Beef jerky        |       |       |     1 |       |       |       ||     1
       Meat ration       |       |       |       |     5 |     1 |       ||     6
       Pizza             |       |       |       |     1 |       |     2 ||     3
       Bread ration      |       |       |       |       |     1 |       ||     1
